 Dungeon Crawl Stone Soup version 0.30-b1-2-g02819fbbbe (webtiles) character file.

Game seed: 6629269777992237179

892 Flugkiller the Magician (level 8, -3/58 HPs)
             Began as a Djinni Warper on May 14, 2023.
             Slain by a scorpion (5 damage)
             ... on level 5 of the Dungeon.
             The game lasted 00:10:25 (7346 turns).

Flugkiller the Magician (Djinni Warper)             Turns: 7346, Time: 00:10:26

Health: -3/58      AC:  4    Str: 16    XL:     8   Next: 27%
Gold:   190        EV: 12    Int: 16    God:
                   SH:  0    Dex: 14

rFire   + + .        g - +0 long sword
rCold   . . .        (no shield)
rNeg    . . .        e - +1 leather armour {rC+}
rPois   ∞            (no helmet)
rElec   .            (no cloak)
rCorr   .            (no gloves)
SInv    .            (boots unavailable)
Will    .....        (no amulet)
Stlth   +            b - +6 ring of strength
HPRegen 0.29/turn    (no ring)
MPRegen 0.00/turn

%: infuse magic (-4 HP)
@: flying
A: sickness immunity, fire resistance 2, cold vulnerability 1, float, innate
caster, HP casting, extra vitality 1
a: no special abilities


You were on level 5 of the Dungeon.
You visited 1 branch of the dungeon, and saw 5 of its levels.

You collected 190 gold pieces.

Inventory:

Hand Weapons
 g - a +0 long sword (weapon)
   (You found it on level 4 of the Dungeon)
Missiles
 c - 5 javelins
 d - 3 boomerangs of dispersal (quivered)
 f - 6 boomerangs
Armour
 e - a +1 leather armour of cold resistance (worn)
   (You took it off an orc on level 2 of the Dungeon)
Jewellery
 b - a +6 ring of strength (left hand)
   (You found it on level 3 of the Dungeon)
Scrolls
 z - a scroll of blinking


   Skills:
 - Level 4.0 Fighting
 - Level 1.7 Short Blades
 - Level 0.7 Throwing
 - Level 1.0 Armour
 - Level 2.1 Dodging
 + Level 6.7 Spellcasting


You knew the following spells:

 Your Spells              Type           Power      Damage    Failure   Level
a - Lesser Beckoning      Tloc           54%        N/A       1%          2
b - Vhi's Electric Charg  Tloc/Air       54%        N/A       3%          3
c - Teleport Other        Tloc           27%        N/A       3%          3
d - Manifold Assault      Tloc           27%        N/A       10%         4
e - Summon Small Mammal   Summ           100%       N/A       1%          1
f - Searing Ray           Conj           54%        2d6       1%          2
g - Wereblood             Tmut           27%        N/A       1%          2
r - Blink                 Tloc           54%        N/A       1%          2
Your spell library was empty.

Dungeon Overview and Level Annotations

Branches:
Dungeon (5/15) Zot: 22664
 Temple: D:4-7

Altars:
Cheibriados
Dithmenos
Qazlal
The Shining One

Annotations:
D:3 Robin


Innate Abilities, Weirdness & Mutations

You are immune to sickness and miasma.
You are immune to poison.
Your flesh is very heat resistant. (rF++)
You are vulnerable to cold. (rC-)
You float through the air rather than walking.
You learn spells naturally, not from books.
Your magical power is your life essence.
You have superior vitality. (+4 MHP)


Message History

A hound comes into view.
The steam dragon barely misses you. The steam dragon misses you.
The searing ray hits the steam dragon but does no damage.
The steam dragon is almost dead.
The searing ray hits the gnoll bouda.
The gnoll bouda is heavily wounded.
The searing ray hits the hound!
The hound is heavily wounded.
The steam dragon barely misses you. The steam dragon claws you.
* * * LOW HITPOINT WARNING * * *
The searing ray misses the steam dragon.
The searing ray hits the gnoll bouda!
The gnoll bouda is almost dead.
The searing ray hits the hound!
You kill the hound!
* * * LOW HITPOINT WARNING * * *
You finish channelling your searing ray.
The steam dragon breathes steam at you. The ball of steam hits you. You resist.
* * * LOW HITPOINT WARNING * * *
You hear an angry hiss.
Casting: Searing Ray (safe; 1% risk of failure)
Confirm with . or Enter, or press ? or * to list all spells.
Aiming: Searing Ray (safe; 1% risk of failure)
Press: ? - help, Shift-Dir - straight line, f/p - steam dragon
Aim: a steam dragon (almost dead, catching its breath, 79% to hit)
The searing ray hits the steam dragon.
You kill the steam dragon!
The steam dragon scales are intact enough to wear.
The searing ray hits the gnoll bouda.
You kill the gnoll bouda! (Press . to maintain the ray.)
* * * LOW HITPOINT WARNING * * *
A scorpion comes into view. x2
You have reached level 8!
You feel agile.
Okay, then.
Unknown command.
Unknown command.
Throw: 7 boomerangs (disperse)
Press: ? - help, Q - select action, (/) - cycle Shift-Dir - straight line, f - scorpion
Aim: a scorpion (wandering, hasn't noticed you, 60% to hit)
You throw a boomerang of dispersal.
The boomerang of dispersal closely misses the scorpion.
Throw: 6 boomerangs (disperse)
Press: ? - help, Q - select action, (/) - cycle Shift-Dir - straight line, f/p - scorpion
Aim: a scorpion (60% to hit)
You throw a boomerang of dispersal.
The boomerang of dispersal barely misses the scorpion.
Throw: 5 boomerangs (disperse)
Press: ? - help, Q - select action, (/) - cycle Shift-Dir - straight line, f/p - scorpion
Aim: a scorpion (60% to hit)
You throw a boomerang of dispersal.
The boomerang of dispersal hits the scorpion and shatters for extra damage!
The scorpion blinks!
The scorpion is severely wounded.
The scorpion stings you but does no damage.
The scorpion closely misses you. The scorpion attacks as you move away!
The scorpion misses you.
The scorpion stings you but does no damage.
The scorpion stings you.
* * * LOW HITPOINT WARNING * * *
Things that are here:
a +0 whip; a +0 robe The scorpion attacks as you move away!
The scorpion barely misses you.
Casting: Searing Ray (safe; 1% risk of failure)
Confirm with . or Enter, or press ? or * to list all spells.
Aiming: Searing Ray (safe; 1% risk of failure)
Press: ? - help, Shift-Dir - straight line, f/p - scorpion
Aim: a scorpion (severely wounded, 79% to hit)
The searing ray misses the scorpion.
The searing ray hits the scorpion.
You kill the scorpion! (Press . to maintain the ray.)
* * * LOW HITPOINT WARNING * * *
An adder comes into view.
The scorpion stings you.
* * * LOW HITPOINT WARNING * * *
An adder comes into view.
Unknown command.
There is an open door here.
The scorpion attacks as you move away! The scorpion stings you.
* * * LOW HITPOINT WARNING * * *
Unknown command.
You aren't carrying any items that you can evoke.
Casting: Searing Ray (safe; 1% risk of failure)
Confirm with . or Enter, or press ? or * to list all spells.
The adder hisses angrily.
* * * LOW HITPOINT WARNING * * *
The scorpion misses you. The scorpion stings you.
* * * LOW HITPOINT WARNING * * *
Throw: 4 boomerangs (disperse)
Press: ? - help, Q - select action, (/) - cycle Shift-Dir - straight line, f - scorpion
Aim: a scorpion (ally target, 60% to hit)
You throw a boomerang of dispersal.
The boomerang of dispersal closely misses the scorpion.
The boomerang of dispersal hits the adder and shatters for extra damage!
The adder blinks!
Your quokka completely misses the scorpion.
The scorpion stings you.
You die...

##.#..##### #.#
............ #.#
..## ...........#
#.#.....##
...#.....#.# #.#
..... ...+.....# #
#.# ....
...#.....# #.# ...
...#.....# #.###.#
#####+#### #..##.#
#..@s§# #?###r#
#.###)## ..##.).##
.
.###..†.S#####...g
#. #......[)†.....
. #.....#####....
## ##...## . #####


You could see a scorpion (ally target) and a friendly quokka (summoned).

Vanquished Creatures
  A steam dragon (D:5)
  A centaur (D:4)
  3 scorpions
  A howler monkey (D:4)
  2 hounds
  2 gnoll boudas (D:5)
  A sleepcap (D:4)
  2 iguanas
  2 orc wizards (D:4)
  A mummy (D:4)
  4 adders
  3 gnolls (D:3)
  A worm (D:3)
  11 dart slugs
  8 orcs
  4 bats
  6 endoplasms
  2 giant cockroaches (D:1)
  8 goblins
  11 hobgoblins
  13 jackals
  3 quokkas
  5 ball pythons
  2 frilled lizards
  6 kobolds
  4 rats
107 creatures vanquished.

Vanquished Creatures (collateral kills)
  A gnoll (D:2)
  A worm (D:2)
  A dart slug (D:3)
  An orc (D:2)
  2 bats (D:2)
  2 endoplasms
  2 goblins (D:2)
  A hobgoblin (D:1)
  A jackal (D:3)
  2 frilled lizards
  A rat (D:2)
15 creatures vanquished.

Grand Total: 122 creatures vanquished

Notes
Turn   | Place    | Note
-------+----------+-------------------------------------------
     0 | D:1      | Flugkiller the Djinni Warper began the quest for the Orb.
     0 | D:1      | Flugkiller set off with the following spells memorised:
                  | Blink, Lesser Beckoning, Vhi's Electric Charge, Teleport
                  | Other, Manifold Assault.
     0 | D:1      | Reached XP level 1. HP: 18/18 MP: 0/0
   260 | D:1      | Reached XP level 2. HP: 23/23 MP: 0/0
   855 | D:1      | Reached XP level 3. HP: 28/29 MP: 0/0
   855 | D:1      | Learned a level 1 spell: Summon Small Mammal
  1443 | D:2      | Reached skill level 3 in Spellcasting
  1634 | D:2      | Reached XP level 4. HP: 27/35 MP: 0/0
  2229 | D:3      | Noticed Robin
  4542 | D:3      | Reached XP level 5. HP: 35/40 MP: 0/0
  4542 | D:3      | Learned a level 2 spell: Searing Ray
  5159 | D:3      | Found a stormy altar of Qazlal.
  5748 | D:4      | Reached skill level 4 in Spellcasting
  5748 | D:4      | Reached XP level 6. HP: 33/47 MP: 0/0
  5824 | D:4      | Found a shadowy altar of Dithmenos.
  5824 | D:4      | Found a glowing golden altar of the Shining One.
  5854 | D:4      | Reached XP level 7. HP: 8/52 MP: 0/0
  5854 | D:4      | Learned a level 2 spell: Wereblood
  5965 | D:4      | Reached skill level 5 in Spellcasting
  6574 | D:4      | Found a snail-covered altar of Cheibriados.
  7235 | D:5      | Entered Level 5 of the Dungeon
  7318 | D:5      | Noticed a steam dragon
  7325 | D:5      | Reached skill level 6 in Spellcasting
  7334 | D:5      | Killed a steam dragon
  7335 | D:5      | Reached XP level 8. HP: 10/58 MP: 0/0
  7345 | D:5      | HP: 1/58 [scorpion (3)]
  7346 | D:5      | Slain by a scorpion

Illustrated notes

Levels and vault maps discovered:
D:1:      giann_wishing_wells, layout_loops_corners, serial_forest,
          infiniplex_forest_lined_ring, infiniplex_forest_clump_long,
          infiniplex_forest_pool, infiniplex_forest_zigzag_1,
          infiniplex_forest_zigzag_1, infiniplex_forest_straight_5,
          infiniplex_forest_clump_long, infiniplex_forest_lined_2
D:2:      layout_basic, kennysheep_generic_room_8
D:3:      kennysheep_slugbush, layout_basic,
          mainiacjoe_overflow_concentric_impassable, uniq_robin
D:4:      layout_layer_cave, nicolae_vehumet_radiance, slow_altar_1,
          jmf_multi_god_temple
D:5:      minmay_octagon_keep, layout_basic, lemuel_tele_altar,
          lemuel_crystal_altar, yredelemnul_altar_generic,
          minmay_misc_feat_tiny, minmay_ruined_shrine

Skill      XL: |  1  2  3  4  5  6  7 |
---------------+----------------------+-----
Fighting       | 3 4 |  4.0
Spellcasting   | 3 4 6 |  6.7
Short Blades   | |  1.7
Throwing       | |  0.7
Armour         | |  1.0
Dodging        | |  2.1

Action                     |  1- 3 |  4- 6 |  7- 9 || total
---------------------------+-------+-------+-------++-------
  Melee: Short sword       |   138 |    68 |       ||   206
         Long sword        |       |       |     8 ||     8
  Throw: Boomerang         |       |       |     4 ||     4
   Cast: Summon Small Mamm |    25 |    62 |     1 ||    88
         Teleport Other    |       |     2 |       ||     2
         Blink             |       |     1 |       ||     1
         Searing Ray       |       |    44 |    25 ||    69
         Wereblood         |       |       |     1 ||     1
   Stab: Distracted        |       |     2 |       ||     2
 Armour: Leather armour    |    42 |    30 |    14 ||    86
  Dodge: Dodged            |    70 |    72 |    43 ||   185
